 Dungeon Crawl Stone Soup version 0.27-a0-1149-g4505690ab0 (webtiles) character file.

Game seed: 9373026088228670736

38 HoaS the Cudgeller (level 3, 0/23 HPs)
             Began as a Tengu Berserker on May 13, 2021.
             Was a Believer of Trog.
             Slain by Sigmund
             ... wielding a +3 vorpal scythe
              (1 damage)
             ... on level 2 of the Dungeon.
             The game lasted 00:03:07 (794 turns).

HoaS the Cudgeller (Tengu Berserker)                 Turns: 794, Time: 00:03:07

Health: 0/23       AC:  8    Str: 18    XL:     3   Next: 43%
Magic:  4/4        EV:  7    Int:  7    God:    Trog [**....]
Gold:   27         SH:  0    Dex: 13    Spells: 2/2 levels left

rFire    . . .     SeeInvis .   a - +0 mace
rCold    . . .     Faith    .   (no shield)
rNeg     . . .     Spirit   .   h - +0 chain mail
rPois    .         Reflect  .   (helmet restricted)
rElec    .         Harm     .   (no cloak)
rCorr    .         Rampage  .   (no gloves)
Will     .....                  (boots unavailable)
Stlth    ..........             (no amulet)
HPRegen  0.07/turn              (no ring)
MPRegen  0.09/turn              (no ring)

@: no status effects
A: beak, talons 3
a: Renounce Religion, Berserk, Trog's Hand


You were on level 2 of the Dungeon.
You worshipped Trog.
Trog was pleased with you.
You visited 1 branch of the dungeon, and saw 2 of its levels.

You collected 27 gold pieces.

Inventory:

Hand Weapons
 a - a +0 mace (weapon)
Armour
 h - a +0 chain mail (worn)
Scrolls
 b - a scroll of identify {unknown}
 c - a scroll of magic mapping {unknown}
 d - a scroll of enchant weapon {unknown}
 e - a scroll of brand weapon {unknown}
 f - a scroll of noise {unknown}
 g - a scroll of acquirement {unknown}


   Skills:
 - Level 3.0 Fighting
 + Level 4.8 Maces & Flails
 - Level 2.1 Armour
 - Level 2.1 Dodging


You had 2 spell levels left.
You didn't know any spells.
Your spell library was empty.

Dungeon Overview and Level Annotations

Branches:
Dungeon (2/15)

Altars:

Annotations:
D:2 Sigmund


Innate Abilities, Weirdness & Mutations

You have a beak for a mouth.
You have claws for feet.


Message History

Found an escape hatch in the floor.
A frilled lizard and a bat come into view.
The frilled lizard hisses angrily.
You hear a shout!
The bat hits you but does no damage.
Sigmund the Dreaded comes into view.
He is wielding a +3 vorpal scythe.
Found a yellow potion.
You closely miss the bat. Your kick misses the bat.
The bat hits you but does no damage. x2
You barely miss the bat. The bat hits you but does no damage.
The frilled lizard hisses.
The bat hits you but does no damage. The bat hits you but does no damage.
The bat hits you. Sigmund hits you but does no damage.
The bat barely misses you.
Sigmund hits you from afar with a +3 vorpal scythe.
The bat hits you but does no damage.
You barely miss the bat. Your kick misses the bat. Your peck misses the bat.
The bat barely misses you. The bat hits you but does no damage.
You sock the bat!
You kill the bat!
Trog accepts your kill.
The frilled lizard bites you but does no damage.
You hit the frilled lizard.
You kill the frilled lizard!
Trog accepts your kill.
You hit Sigmund.
Sigmund is lightly wounded.
Sigmund hits you with a +3 vorpal scythe!
* * * LOW HITPOINT WARNING * * *
x2 Sigmund casts a spell at you.
You resist with significant effort.
You closely miss Sigmund.
Sigmund is lightly wounded.
Sigmund points at himself and mumbles some strange words.
Sigmund flickers and vanishes!
Deactivating autopickup; reactivate with Ctrl-A.
You hit something but do no damage. Your kick misses something.
Something hits you.
* * * LOW HITPOINT WARNING * * *
You die...

####...########
#......# #.##.#.#
##
#.#....#######.
#..>...........
##.#............
##.#.#.###.######
##.###..# #.#
##@## ##.###.#
#{## ##..#..
##.## #.#.#.#
#l@###.. ....
#...#.### #.#
#.....>.# #.#
#...###.#
#.........#
##......##.


There were no monsters in sight!

Vanquished Creatures
  3 dart slugs
  2 endoplasms (D:2)
  4 giant cockroaches
  2 hobgoblins (D:1)
  2 quokkas
  A ball python (D:2)
  5 bats
  4 frilled lizards
  2 goblins (D:1)
  3 kobolds
  4 rats
32 creatures vanquished.

Notes
Turn   | Place    | Note
-------+----------+-------------------------------------------
     0 | D:1      | HoaS the Tengu Berserker began the quest for the Orb.
     0 | D:1      | Reached XP level 1. HP: 14/14 MP: 2/2
    66 | D:1      | Reached XP level 2. HP: 17/19 MP: 3/3
    86 | D:1      | Reached skill level 4 in Maces & Flails
   414 | D:1      | Reached XP level 3. HP: 23/23 MP: 4/4
   591 | D:2      | Reached ** piety under Trog
   780 | D:2      | Noticed Sigmund
   794 | D:2      | HP: 1/23 [something (3)]
   794 | D:2      | Slain by Sigmund

Illustrated notes

Levels and vault maps discovered:
D:1:      psy_arrival_terrarium, layout_rooms, minmay_misc_feat_iff
D:2:      layout_loops_ring, kennysheep_another_room, uniq_sigmund

Skill      XL: |  1  2 |
---------------+-------+-----
Maces & Flails | 4 |  4.8
Fighting       | |  3.0
Armour         | |  2.1
Dodging        | |  2.1

Action                   || total
-------------------------++-------
Melee: Mace              ||    55
       Kick              ||    15
       Peck              ||     6
Armor: Animal skin       ||     6
       Chain mail        ||    16
Dodge: Dodged            ||    30

Table legend: (Time is in decaauts)
 A = Elapsed time spent in this place.
 B = Non-inter-level travel time spent in this place.
 C = Inter-level travel time spent in this place.
 D = Time resting spent in this place.
 E = Time spent auto-exploring this place.
 F = Levels seen in this place.
 G = Mean time per level.
                   A        B        C        D        E       F      G
               +--------+--------+--------+--------+--------+-----+--------+
         Total |    804 |    791 |     13 |    128 |    460 |   2 |  402.0 |
       Dungeon |    804 |    791 |     13 |    128 |    460 |   2 |  402.0 |
               +--------+--------+--------+--------+--------+-----+--------+

Top non-repeatable levels by time:
     D:1: 557 daAuts
     D:2: 246 daAuts
